 Dungeon Crawl Stone Soup version 0.30-a0-39-g42789b21ef (webtiles) character file.

Game seed: 12319280719293601408

312 drugrobin the Cutter (level 5, -3/42 HPs)
             Began as a Demigod Delver on Aug 28, 2022.
             Slain by a gnoll
             ... wielding a +0 whip
              (8 damage)
             ... on level 4 of the Dungeon.
             The game lasted 00:08:55 (3395 turns).

drugrobin the Cutter (Demigod Delver)               Turns: 3395, Time: 00:08:56

Health: -3/42      AC:  7    Str: 13    XL:     5   Next: 97%
Magic:  7/7        EV: 11    Int: 16    God:
Gold:   201        SH:  0    Dex: 15    Spells: 2/4 levels left

rFire   . . .      SeeInvis .    a - +2 dagger (speed)
rCold   . . .      Faith    .    (no shield)
rNeg    . . .      Spirit   .    j - +0 leather armour
rPois   .          Reflect  .    (no helmet)
rElec   .          Harm     .    (no cloak)
rCorr   .          Rampage  .    (no gloves)
Will    .....                    (no boots)
Stlth   +++.......               (no amulet)
HPRegen 0.14/turn                k - +4 ring of protection
MPRegen 0.10/turn                (no ring)

@: attractive
A: high MP 1, forlorn, divine attributes
a: no special abilities


You were on level 4 of the Dungeon.
You visited 1 branch of the dungeon, and saw 5 of its levels.

You collected 201 gold pieces.

Inventory:

Hand Weapons
 a - a +2 dagger of speed (weapon)
 b - a +0 sling
 l - a +0 short sword
Missiles
 s - a boomerang (quivered)
 y - 5 poisoned darts
Armour
 j - a +0 leather armour (worn)
Magical Staves
 n - a staff of fire
 v - a staff of air
 x - a staff of conjuration
Jewellery
 k - a +4 ring of protection (left hand)
Wands
 g - a wand of digging (3)
 B - a wand of flame (21)
Scrolls
 c - a scroll of fog
 d - a scroll of magic mapping
 e - a scroll of fear
 h - 2 scrolls of butterflies {unknown}
 m - 5 scrolls of identify {unknown}
 p - 3 scrolls of teleportation {unknown}
 q - a scroll of summoning {unknown}
 r - 2 scrolls of noise {unknown}
 u - a scroll of amnesia {unknown}
 C - a scroll of brand weapon {unknown}
 D - a scroll of enchant weapon {unknown}
Potions
 f - 2 potions of haste
 i - 2 potions of attraction
 o - 2 potions of curing {unknown}
 t - a potion of magic {unknown}
 w - 2 potions of berserk rage {unknown}
 z - a potion of invisibility {unknown}
 A - a potion of resistance {unknown}


   Skills:
 - Level 2.6 Fighting
 + Level 6.0 Short Blades
 - Level 1.7 Dodging
 - Level 4.5 Stealth


You had 2 spell levels left.
You knew the following spells:

 Your Spells              Type           Power      Damage    Failure   Level
a - Beastly Appendage     Tmut           0%         N/A       32%         1
b - Slow                  Hex            0%         N/A       32%         1

Your spell library contained the following spells:

 Spells                   Type           Power      Damage    Failure   Level
 Wereblood                Tmut           0%         N/A       43%         2
 Confusing Touch          Hex            0%         N/A       67%         3
 Spider Form              Tmut/Pois      0%         N/A       67%         3
 Vampiric Draining        Necr           0%         2d6       67%         3


Dungeon Overview and Level Annotations

Branches:
Dungeon (5/15)             Temple (0/1) D:5

Annotations:
D:4 Edmund


Innate Abilities, Weirdness & Mutations

You have an increased reservoir of magic. (+10% MP)
You shall have no god before yourself.
Your divine heritage dramatically boosts your attributes as you level up.


Message History

Unknown command.
You barely miss the gnoll. You hit the gnoll.
The gnoll is lightly wounded.
The gnoll attacks as you move away! The gnoll closely misses you.
The gnoll throws a throwing net.
The throwing net hits you.
You become entangled in the net!
You see here a throwing net.
You struggle against the net.
The gnoll hits you from afar with a +0 halberd.
The gnoll hits you but does no damage.
You struggle against the net.
The gnoll closely misses you. The gnoll hits you with a +0 whip.
You struggle against the net.
The gnoll hits you from afar with a +0 halberd.
The gnoll hits you with a +0 whip.
You rip the net and break free!
The gnoll hits you from afar with a +0 halberd.
* * * LOW HITPOINT WARNING * * *
The gnoll misses you.
Unknown command.
Casting: Beastly Appendage (safe; 32% risk of failure)
Confirm with . or Enter, or press ? or * to list all spells.
Okay, then.
The gnoll attacks as you move away! The gnoll hits you but does no damage.
Your magical contamination has completely faded away.
Aiming: Throw Flame
Press: ? - help, Shift-Dir - straight line, f - gnoll
Aim: a gnoll, wielding a +0 halberd and carrying a wand of flame (20) (72% to hit)
The puff of flame hits the gnoll.
The gnoll is moderately wounded.
Unknown command.
Unknown command.
Unknown command.
The gnoll zaps a wand.
The puff of flame hits you!
* * * LOW HITPOINT WARNING * * *
It was a potion of attraction.
You feel attractive to monsters. The gnoll hits you with a +0 whip!
You die...

..##g........###.......#####.....
.>..g##...###...###...###...###..
. ...#.###.#.....#.###.#.... #.##
. #)..#...#...#...#...#...#.. #
#...#...#####...#...#####.. #
#...#...#...#...# ..# #.. #
##.###.#.....#.## .#. .#.##
##...###.gg###. ###) .###..
##.....#.###@# .. # #...
#.#...#...#...#.. #...#..
#.#####...#...#### #.. ###
#.#...#...#...# .. #
##.....#.###.#.... ## ..
##...###...###. .###. .###..
##.###.#.....#.###.#. .#.##
#...#...#.[.#...#...# #...#
#...#...#####...#...#####...#


You could see 2 gnolls.

Vanquished Creatures
  A crimson imp (D:4)
  A hound (D:4)
  An orc priest (D:3)
  Terence (D:3)
  Natasha (thrice) (D:2)
  A gnoll (D:4)
  3 adders
  3 dart slugs
  8 orcs
  9 endoplasms
  2 giant cockroaches (D:1)
  4 hobgoblins
  A quokka (D:3)
  4 ball pythons
  5 bats
  3 frilled lizards
  5 goblins
  9 kobolds
  7 rats
71 creatures vanquished.

Notes
Turn   | Place    | Note
-------+----------+-------------------------------------------
     0 | D:5      | drugrobin the Demigod Delver began the quest for the Orb.
     0 | D:5      | Reached XP level 1. HP: 18/18 MP: 3/3
     6 | D:5      | Found a staircase to the Ecumenical Temple.
    11 | D:5      | Noticed a phantom
    22 | D:4      | Noticed a hound
    54 | D:4      | Reached skill level 2 in Short Blades
   466 | D:2      | Reached XP level 2. HP: 25/25 MP: 4/4
   787 | D:1      | Reached skill level 3 in Short Blades
   983 | D:2      | Reached XP level 3. HP: 30/30 MP: 5/5
  1635 | D:2      | Learned a level 1 spell: Beastly Appendage
  1668 | D:2      | Noticed Natasha
  1686 | D:2      | Reached skill level 4 in Short Blades
  1693 | D:2      | Killed Natasha
  1694 | D:2      | Reached XP level 4. HP: 26/37 MP: 4/6
  1913 | D:2      | Noticed Natasha
  1921 | D:2      | Killed Natasha
  1930 | D:2      | Noticed Natasha
  1938 | D:2      | Killed Natasha
  2182 | D:3      | Reached skill level 5 in Short Blades
  2346 | D:3      | Noticed Terence
  2395 | D:3      | Killed Terence
  2396 | D:3      | Reached XP level 5. HP: 34/42 MP: 3/7
  3071 | D:4      | Reached skill level 6 in Short Blades
  3164 | D:4      | Noticed Edmund
  3171 | D:4      | Learned a level 1 spell: Slow
  3395 | D:4      | Slain by a gnoll

Illustrated notes

Levels and vault maps discovered:
D:1:      scummos_arrival_hexagon, layout_rooms, solitary_fountain
D:2:      layout_basic, uniq_natasha
D:3:      layout_loops_ring, hellmonk_ecumenical_altar_slurped_away,
          uniq_terence
D:4:      nicolae_cairo_tiling, layout_basic,
          mainiacjoe_overflow_large_starburst, mainiacjoe_overflow_alcove_1,
          minmay_fire_ice_demons, uniq_edmund
D:5:      layout_rooms, minmay_temple_entry_statues, uniq_duvessa, uniq_grinder

Skill      XL: |  1  2  3  4  5 |
---------------+----------------+-----
Short Blades   | 2 3 4 5 6 |  6.0
Fighting       | |  2.6
Dodging        | |  1.7
Stealth        | |  4.5

Action                   |  1- 3 |  4- 6 || total
-------------------------+-------+-------++-------
Melee: Short sword       |    15 |       ||    15
       Dagger            |   114 |    97 ||   211
       Punch             |     2 |       ||     2
       Kick              |     6 |    14 ||    20
       Headbutt          |     4 |    21 ||    25
 Fire: Sling             |    10 |       ||    10
Throw: Boomerang         |     5 |     1 ||     6
 Cast: Beastly Appendage |     1 |     8 ||     9
       Slow              |       |     1 ||     1
Evoke: Wand              |       |     5 ||     5
  Use: Potion            |       |     1 ||     1
 Stab: Sleeping          |     7 |     4 ||    11
Armor: Leather armour    |    33 |    24 ||    57
Dodge: Dodged            |    44 |    32 ||    76

Table legend: (Time is in decaauts)
 A = Elapsed time spent in this place.
 B = Non-inter-level travel time spent in this place.
 C = Inter-level travel time spent in this place.
 D = Time resting spent in this place.
 E = Time spent auto-exploring this place.
 F = Levels seen in this place.
 G = Mean time per level.
                   A        B        C        D        E       F      G
               +--------+--------+--------+--------+--------+-----+--------+
         Total |   3298 |   3130 |    168 |    411 |   1881 |   5 |  659.6 |
       Dungeon |   3298 |   3130 |    168 |    411 |   1881 |   5 |  659.6 |
               +--------+--------+--------+--------+--------+-----+--------+

Top non-repeatable levels by time:
     D:3: 972 daAuts
     D:2: 844 daAuts
     D:1: 767 daAuts
     D:4: 698 daAuts
     D:5: 15 daAuts
